 Dungeon Crawl Stone Soup version 0.24-a0-434-gd57e52fea8 (webtiles) character file.

Game seed: 10106076667367777756

8670 Azzok the Cleaver (level 11, -2/67 HPs)
             Began as a Formicid Berserker on June 15, 2019.
             Was the Champion of Trog.
             Slain by a two-headed ogre
             ... wielding a +0 giant club
              (7 damage)
             ... on level 11 of the Dungeon.
             The game lasted 00:19:47 (13433 turns).

Azzok the Cleaver (Formicid Berserker)             Turns: 13433, Time: 00:19:47

Health: -2/67      AC: 16    Str: 25    XL:     11   Next: 60%
Magic:  17/17      EV:  7    Int:  7    God:    Trog [******]
Gold:   248        SH:  0    Dex: 10    Spells: 10/10 levels left

rFire    . . .     SeeInvis +   f - +3 battleaxe (flame)
rCold    + . .     Gourm    .   (no shield)
rNeg     . . .     Faith    +   q - +0 plate armour
rPois    +         Spirit   .   (helmet unavailable)
rElec    .         Reflect  .   (no cloak)
rCorr    .         Harm     .   u - +2 pair of gloves
MR       ++...                  e - +0 pair of boots
Stlth    ..........             t - amulet of faith
HPRegen  0.21/turn              b - ring of poison resistance
MPRegen  0.15/turn              j - ring of protection from magic

@: no status effects
A: permanent stasis, dig shafts and tunnels, four strong arms, antennae 3, cold
resistance 1, frail 1
a: Dig, Shaft Self, Trog's Hand, Brothers in Arms, Renounce Religion


You were on level 11 of the Dungeon.
You worshipped Trog.
Trog was exalted by your worship.
You were hungry.

You visited 1 branch of the dungeon, and saw 12 of its levels.

You collected 457 gold pieces.
You spent 209 gold pieces at shops.

Inventory:

Hand Weapons
 d - a +0 hand axe of flaming
 f - a +3 battleaxe of flaming (weapon)
Missiles
 n - a throwing net (quivered)
Armour
 e - a +0 pair of boots (worn)
 q - a +0 plate armour (worn)
 u - a +2 pair of gloves (worn)
Jewellery
 b - a ring of poison resistance (left hand)
 j - a ring of protection from magic (right hand)
 k - an uncursed ring of protection from cold
 t - an amulet of faith (around neck)
Wands
 a - a wand of random effects (38)
 h - a wand of flame (13)
 p - a wand of enslavement (7)
 v - a wand of scattershot (5)
Scrolls
 i - 7 scrolls of remove curse
 l - a scroll of identify
 r - 2 scrolls of immolation
Potions
 s - 7 potions of curing
 w - a potion of flight
Miscellaneous
 o - a box of beasts
Comestibles
 c - 16 rations


   Skills:
 - Level 3.2 Fighting
 * Level 14.7 Axes
 - Level 5.1 Armour
 - Level 1.7 Dodging
 - Level 8.0 Evocations


You had 10 spell levels left.
You didn't know any spells.
Your spell library was empty.

Dungeon Overview and Level Annotations

Branches:
Dungeon (12/15)            Temple (0/1) D:4            Lair (0/6) D:8
    Orc: D:9-12

Altars:
Elyvilon
Gozag
Kikubaaqudgha
Nemelex Xobeh
Okawaru
Ru
Sif Muna
Vehumet
Wu Jian
Xom
Yredelemnul
Zin
The Shining One

Shops:
D:4 *   D:5 [   D:7 [   D:8 (

Annotations:
D:6 2 transporters, PeterLawrence's ghost, novice MiFi
D:7 exclusions: 2 electric eels and 1 more exclusion


Innate Abilities, Weirdness & Mutations

You cannot be hasted, slowed, berserked, paralysed or teleported.
You can dig through walls and to a lower floor.
Your four strong arms can wield two-handed weapons with a shield.
You have a pair of large antennae on your head. (SInv)
Your flesh is cold resistant. (rC+)
You are frail. (-10% HP)


Message History

The orc begs, "Why can't we all just get along?"
The two-headed ogre hits you with a +0 giant club.
The two-headed ogre hits you but does no damage.
Found an escape hatch in the ceiling.
There is a stone staircase leading up, spattered with blood here.
Things that are here:
a +2 dagger of flaming; a cursed +0 robe The orc begs, "Please don't kill me!"
The two-headed ogre hits you with a +0 giant club!!
* * * LOW HITPOINT WARNING * * *
The two-headed ogre closely misses you.
You climb upwards.
There is a stone staircase leading down here.
Okay, then.
You barely miss the two-headed ogre.
The two-headed ogre is heavily wounded.
You hit the two-headed ogre. You burn the two-headed ogre.
The two-headed ogre is heavily wounded.
The two-headed ogre hits you with a +0 giant club!
You die...

▒▒╬▒▒▒▒▒▒▒
·········▒
·········╬
·······@·▒
·······O·▒
·········▒
·········▒
·········▒
·········▒
·········▒
▒▒▒▒▒▒▒▒▒▒


You could see a two-headed ogre.

Vanquished Creatures
  2 two-headed ogres
  Pikel (D:3)
  A queen bee (D:9)
  A troll (D:10)
  2 hippogriffs
  A shadow (D:9)
  6 yaks (D:10)
  A wyvern (D:10)
  A hungry ghost (D:6)
  3 orc warriors
  2 ice beasts
  3 sky beasts
  A centaur (D:6)
  3 ogres
  2 wolves
  3 big kobolds
  Blork the orc (D:6)
  2 gnoll sergeants (D:6)
  3 bullfrogs
  A wyvern zombie (D:10)
  5 scorpions
  17 killer bees (D:9)
  5 howler monkeys
  3 crimson imps
  2 bullfrog zombies
  A bullfrog skeleton (D:7)
  4 centaur zombies
  7 hounds
  2 jellies (D:8)
  2 quasits
  4 orc priests
  12 orc wizards
  3 iguanas
  3 gnoll shamans
  3 worker ants
  A killer bee zombie (D:10)
  2 hound skeletons (D:4)
  A worker ant zombie (D:6)
  Robin (D:4)
  19 gnolls
  10 adders
  A shadow imp (D:10)
  An adder zombie (D:5)
  2 adder skeletons
  5 worms
  A dart slug (D:1)
  3 leopard geckos
  29 orcs
  6 bats
  6 giant cockroaches
  8 hobgoblins
  19 jackals
  3 quokkas
  3 ball pythons
  11 frilled lizards
  15 goblins
  A jackal zombie (D:7)
  23 kobolds
  A leopard gecko zombie (D:7)
  5 rats
290 creatures vanquished.

Vanquished Creatures (others)
  An iguana (D:4)
  A gnoll (D:4)
  A worm (D:4)
  A quokka skeleton (D:4)
4 creatures vanquished.

Grand Total: 294 creatures vanquished

Notes
Turn   | Place    | Note
-------+----------+-------------------------------------------
     0 | D:1      | Azzok the Formicid Berserker began the quest for the Orb.
     0 | D:1      | Reached XP level 1. HP: 18/18 MP: 1/1
   299 | D:1      | Reached XP level 2. HP: 21/24 MP: 2/2
   552 | D:1      | Reached skill level 4 in Axes
   552 | D:1      | Reached XP level 3. HP: 27/29 MP: 3/3
   744 | D:1      | Reached ** piety under Trog
  1961 | D:2      | Reached XP level 4. HP: 29/35 MP: 4/4
  2593 | D:2      | Reached skill level 5 in Axes
  2610 | D:2      | Found an iron altar of Okawaru.
  2864 | D:3      | Found a shimmering altar of Xom.
  3132 | D:3      | Reached XP level 5. HP: 37/41 MP: 5/5
  3597 | D:3      | Found a radiant altar of Vehumet.
  3853 | D:4      | Found a staircase to the Ecumenical Temple.
  3862 | D:4      | Noticed Robin
  3879 | D:4      | Killed Robin
  3879 | D:4      | Reached *** piety under Trog
  3879 | D:4      | Reached XP level 6. HP: 47/47 MP: 6/6
  3922 | D:4      | Noticed Pikel
  3922 | D:4      | Noticed a slave
  3923 | D:4      | Noticed a slave
  3972 | D:3      | Killed Pikel
  3972 | D:3      | Reached skill level 7 in Axes
  3972 | D:3      | Reached XP level 7. HP: 14/52 MP: 7/7
  4396 | D:4      | Found Yskusuat's Mayhem Merchandise.
  4428 | D:4      | Reached XP level 8. HP: 52/58 MP: 8/8
  4470 | D:4      | Reached skill level 5 in Armour
  4517 | D:4      | Found an ancient bone altar of Kikubaaqudgha.
  4722 | D:4      | Reached skill level 8 in Axes
  4931 | D:5      | Entered Level 5 of the Dungeon
  4931 | D:5      | Found Urixew's Antique Armour Boutique.
  5016 | D:5      | Reached skill level 1 in Evocations
  5234 | D:5      | Reached **** piety under Trog
  5331 | D:5      | Found a basalt altar of Yredelemnul.
  5450 | D:5      | Found a sacrificial altar of Ru.
  5591 | D:6      | Reached skill level 9 in Axes
  5991 | D:6      | Noticed Blork the orc
  6017 | D:6      | Killed Blork the orc
  6017 | D:6      | Reached XP level 9. HP: 52/64 MP: 11/11
  6174 | D:6      | Found a deep blue altar of Sif Muna.
  6322 | D:6      | Found a transporter.
  6331 | D:6      | Noticed PeterLawrence's ghost (novice MiFi)
  6336 | D:6      | Found a transporter.
  6733 | D:6      | Reached skill level 10 in Axes
  7182 | D:7      | Reached skill level 5 in Evocations
  8015 | D:7      | Found Ururour's Antique Armour Shop.
  8311 | D:7      | Reached ***** piety under Trog
  8399 | D:7      | Reached skill level 11 in Axes
  8864 | D:8      | Reached XP level 10. HP: 24/70 MP: 14/14
  9583 | D:8      | Found an ornate altar of the Wu Jian Council.
  9714 | D:8      | Found a staircase to the Lair.
  9716 | D:8      | Found Raxtet's Antique Weapon Emporium.
  9724 | D:8      | Bought a glowing battleaxe for 209 gold pieces
  9943 | D:9      | Noticed a two-headed ogre
  9947 | D:9      | Killed a two-headed ogre
  9947 | D:9      | Reached skill level 12 in Axes
 10283 | D:9      | Found an opulent altar of Gozag.
 10758 | D:9      | Found a sparkling altar of Nemelex Xobeh.
 10816 | D:9      | Gained mutation: You are frail. (-10% HP) [potion of
                  | mutation]
 10816 | D:9      | Gained mutation: Your flesh is cold resistant. (rC+)
                  | [potion of mutation]
 11238 | D:9      | Reached skill level 13 in Axes
 11238 | D:9      | Reached XP level 11. HP: 67/67 MP: 17/17
 11526 | D:9      | Found a white marble altar of Elyvilon.
 11526 | D:9      | Found a glowing silver altar of Zin.
 11527 | D:9      | Found a glowing golden altar of the Shining One.
 11533 | D:10     | Entered Level 10 of the Dungeon
 11574 | D:10     | Received a gift from Trog
 11748 | D:10     | Reached skill level 14 in Axes
 12832 | D:10     | Reached ****** piety under Trog
 12869 | D:10     | Noticed a two-headed ogre
 12877 | D:10     | Killed a two-headed ogre
 13406 | D:10     | You fall into a shaft and drop 2 floors!
 13422 | D:12     | Noticed a two-headed ogre
 13433 | D:11     | Slain by a two-headed ogre

Levels and vault maps discovered:
D:1:      saegor_arrival_under_anarchy, layout_basic
D:2:      layout_loops_ring, marbit_many_paths, first_ration
D:3:      layout_loops_corners, vehumet_crystals, nicolae_overflow_crystal_walls
D:4:      layout_cave_pools, kennysheep_mini,
          minmay_temple_entry_statues_fountains, minmay_shop_mayhem, uniq_robin,
          uniq_pikel
D:5:      layout_basic, kennysheep_mini_moat, lemuel_coloured_pillars_altar,
          serial_shops, shop
D:6:      layout_loops_corners, overflow_temple_1_default,
          gammafunk_ghost_arena, uniq_blork_the_orc
D:7:      layout_cave_pools, serial_gnoll_camp, gnoll_camp_huts_moat,
          gnoll_camp_mini_hut, gnoll_camp_mini_shop, gnoll_camp_medium_02,
          gnoll_camp_mini_loothouse
D:8:      layout_loops_ring, lemuel_doored_altar, lair_entry_dummy,
          serial_shops, shop
D:9:      layout_roguey, good_gods_mini_temple, nemelex_altar_shiori,
          nicolae_gozag_cash_rules_everything_around_me, david_nohive_1
D:10:     layout_basic
D:11:     layout_roguey, zombieorc2_lemuel, uniq_sonja
D:12:     wad_statue_garden, layout_long_grid, portal_ice_cave_entry_pillars_1,
          serial_park_tiny_2, ebering_dispersal_statue_hall

Skill      XL: |  1  2  3  4  5  6  7  8  9 10 11 |
---------------+----------------------------------+-----
Axes           | 4 5 7 9 11 13 14 | 14.7
Armour         | 3 4 5 |  5.1
Evocations     | 3 5 8 |  8.0
Fighting       | |  3.2
Dodging        | |  1.7

Action                   |  1- 3 |  4- 6 |  7- 9 | 10-12 || total
-------------------------+-------+-------+-------+-------++-------
Melee: Hand axe          |   143 |   201 |   469 |    61 ||   874
       Battleaxe         |       |       |       |   271 ||   271
Throw: Throwing net      |       |       |     2 |       ||     2
Invok: Trog's Hand       |       |     1 |     1 |     1 ||     3
Evoke: Wand              |       |       |     1 |     2 ||     3
  Use: Potion            |       |     2 |     1 |     3 ||     6
       Scroll            |       |       |     8 |     5 ||    13
 Stab: Invisible         |       |     1 |       |    10 ||    11
       Held in net/web   |       |       |     1 |       ||     1
       Fleeing           |       |       |       |     1 ||     1
  Eat: Chunk             |     3 |     7 |    12 |    11 ||    33
       Ration            |       |       |     2 |     1 ||     3
Armor: Animal skin       |     5 |       |       |       ||     5
       Leather armour    |    32 |     2 |       |       ||    34
       Ring mail         |       |    43 |       |       ||    43
       Plate armour      |       |    50 |   267 |   258 ||   575
Dodge: Dodged            |    86 |    85 |   162 |   173 ||   506

Table legend:
 A = Non-vault XP
 B = Vault XP
 C = Vault XP percentage of total XP
 D = Non-vault monster count
 E = Vault monster count
 F = Vault count percentage of total count
                 A         B        C        D         E       F
            +---------+---------+-------+---------+---------+-------
      Total |    9333 |    3054 |  24.7 |     230 |      60 |  20.7
            +---------+---------+-------+---------+---------+-------
        D:1 |      42 |       0 |   0.0 |      26 |       0 |   0.0
        D:2 |      56 |      13 |  18.8 |      24 |       1 |   4.0
        D:3 |     133 |     663 |  83.3 |      24 |       1 |   4.0
        D:4 |     293 |      35 |  10.7 |      23 |      11 |  32.4
        D:5 |     339 |       0 |   0.0 |      16 |       0 |   0.0
        D:6 |     695 |     546 |  44.0 |      10 |      10 |  50.0
        D:7 |     465 |     459 |  49.7 |      20 |      19 |  48.7
        D:8 |     658 |       0 |   0.0 |      13 |       0 |   0.0
        D:9 |    2565 |    1338 |  34.3 |      25 |      18 |  41.9
       D:10 |    4047 |       0 |   0.0 |      48 |       0 |   0.0
       D:12 |      40 |       0 |   0.0 |       1 |       0 |   0.0
            +---------+---------+-------+---------+---------+-------
